 Dungeon Sprint DCSS version 0.13-a0-2859-gb62c5ab (webtiles) character file.

14066 Misa the Imperceptible (level 11, -10/49 HPs)
             Began as a Spriggan Enchanter on Aug 28, 2013.
             Was a High Priest of Lugonu.
             Mangled by a quicksilver dragon (17 damage)
             ... in the Dungeon (Sprint II: "The Violet Keep of Menkaure").
             The game lasted 00:11:23 (1134 turns).

Misa the Imperceptible (Spriggan Enchanter)         Turns: 1134, Time: 00:11:23

HP -10/49        AC  2     Str  4      XL: 11   Next: 71%
MP  30/30        EV 18     Int 20      God: Lugonu [*****.]
Gold 968         SH  0     Dex 17      Spells:  3 memorised, 18 levels left

Res.Fire  : . . .   See Invis. : +   a - +1 dagger (curse) {=f}
Res.Cold  : . . .   Warding    : .   b - +1 robe
Life Prot.: . . .   Conserve   : .   (shield restricted)
Res.Poison: .       Res.Corr.  : .   (helmet restricted)
Res.Elec. : .       Clarity    : .   (no cloak)
Sust.Abil.: . .     Spirit.Shd : .   (gloves unavailable)
Res.Mut.  : .       Prev.Telep.: +   (boots unavailable)
Res.Rott. : .       Flight     : .   (no amulet)
Saprovore : . . .                    f - ring of wizardry
                                     e - ring of flight

@: very slightly contaminated, very quick, quite resistant to hostile
enchantments, incredibly stealthy
A: unfitting armour, see invisible, deformed body, herbivore 3, speed 3, slow
metabolism 2
a: Bend Space, Banish, Corrupt, Renounce Religion, Evoke Flight


You were in the Dungeon.
You worshipped Lugonu.
Lugonu was exalted by your worship.
You were completely stuffed.

You visited 1 branch You collected 1701 gold pieces.
You spent 753 gold pieces at shops.

Inventory:

Hand weapons
 a - a cursed +1,+1 dagger (weapon) {=f}
Missiles
 d - 12 darts (quivered)
Armour
 b - a +1 robe (worn)
Comestibles
 l - a bread ration
Scrolls
 m - a scroll of fear {unknown}
Jewellery
 e - a ring of flight (left hand)
 f - a ring of wizardry (right hand)
Potions
 h - 2 potions of speed
 i - 2 potions of magic
 j - 3 potions of flight {unknown}
Books
 c - a book of Maledictions

   Spells                             Type                      Level
   *Corona                            Hexes                        1
   Sure Blade                         Hexes/Charms                 2
   *Ensorcelled Hibernation           Hexes/Ice                    2
   Confuse                            Hexes                        3
   Enslavement                        Hexes                        4
   *Invisibility                      Hexes                        6


   Skills:
 + Level 1.6 Fighting
 * Level 20.2 Short Blades
 - Level 1.1 Throwing
 - Level 3.0 Dodging
 + Level 24.0 Stealth
 - Level 8.8 Spellcasting
 - Level 9.5 Hexes
 - Level 8.1 Invocations


You had 18 spell levels left.
You knew the following spells:

 Your Spells              Type           Power        Failure   Level  Hunger
a - Corona                Hex            #####..      1%          1    None
b - Ensorcelled Hibernat  Hex/Ice        ####..       1%          2    None
c - Invisibility          Hex            #####...     11%         6    ######.


Dungeon Overview and Level Annotations

Branches:
Dungeon (1/1)

Altars:
Cheibriados
Elyvilon
Fedhas
Kikubaaqudgha
Makhleb
Nemelex Xobeh
Okawaru
Sif Muna
Trog
Vehumet
Xom
Yredelemnul
Zin
the Shining One
Beogh
Jiyva
Lugonu

Shops:
D (+%[+}/==*!![?%=

Annotations:
D exclusion: oklob plant, Roxanne


Innate Abilities, Weirdness & Mutations

You are tiny and cannot use many weapons and most armour.
You have supernaturally acute eyesight.
You are a herbivore.
You cover ground extremely quickly.
You need consume almost no food.
Armour fits poorly on your strangely shaped body.


Message History

The quicksilver dragon bites you!
* * * LOW HITPOINT WARNING * * *
The quicksilver dragon barely misses you.
Read which item? (? for menu, Esc to quit)
Blink to where?
Press: ? - help, Dir - move target cursor
As you read the scroll of blinking, it crumbles to dust.
Found 108 gold pieces.
The shining eye flies safely over a trap.
Found 27 gold pieces.
You see here 27 gold pieces.
A quicksilver dragon and a lorocyproca come into view.
Found 108 gold pieces.
You see here 27 gold pieces.
Found 27 gold pieces.
Drink which item? (? for menu, Esc to quit)
Okay, then.
The quicksilver dragon roars!
The lorocyproca gives a chilling moan.
The quicksilver dragon bites you!
You die...

#################
♣.2$$$♣♣.$$$$♣♣$#
♣...♣♣$$.♣.♣♣.#
♣♣D$♣♣$$♣♣..♣.#
♣♣$@♣.2.♣♣GG$.#
♣♣.$....♣♣G.$$#
##########G'####
######.G.G.G.G#
#....#GG'''''G# #
##'##.#.'§G.≈'.# #
#...#.#.'≈..§GG# #
)#???((%!!##)⌠.#.#G'§..≈'.#
#
[#?$?)!"$(##...#.#G§§..≈'G#


You could see a quicksilver dragon and 2 lorocyprocas.

Vanquished Creatures
  A hellephant (D)
  A deep elf blademaster (D)
  A kraken (D)
  A draconian shifter (D)
  2 plague shamblers (D)
  2 unseen horrors (D)
  2 death drakes (D)
  A harpy (D)
  An eye of devastation (D)
  A mermaid (D)
  A yaktaur (D)
  A baby alligator (D)
  Sonja (D)
  3 polar bears (D)
  2 grizzly bears (D)
  2 hippogriffs (D)
  Menkaure (D)
  A yellow wasp (D)
  4 giant centipedes (D)
  A giant newt (D)
  A rat (D)
31 creatures vanquished.

Vanquished Creatures (others)
  A swamp drake (D)
1 creature vanquished.

Grand Total: 32 creatures vanquished

Notes
Turn   | Place    | Note
--------------------------------------------------------------
     0 | D        | Misa, the Spriggan Enchanter, began the quest for the Orb.
     0 | D        | Reached XP level 1. HP: 9/9 MP: 4/4
     0 | D        | Noticed a mermaid
     3 | D        | Noticed an agate snail
     3 | D        | Noticed an agate snail
     3 | D        | Noticed an agate snail
     6 | D        | Noticed a hippogriff
     6 | D        | Noticed a hippogriff
    12 | D        | Reached skill level 6 in Stealth
    12 | D        | Reached XP level 2. HP: 13/13 MP: 6/6
    13 | D        | Reached skill level 7 in Stealth
    26 | D        | Reached skill level 8 in Stealth
    47 | D        | Reached XP level 3. HP: 11/16 MP: 9/9
   140 | D        | Noticed Roxanne
   141 | D        | Noticed Menkaure
   142 | D        | Noticed a baby alligator
   144 | D        | Killed a baby alligator
   144 | D        | Reached skill level 14 in Stealth
   144 | D        | Reached XP level 4. HP: 21/21 MP: 11/11
   144 | D        | Reached XP level 5. HP: 24/24 MP: 13/13
   146 | D        | Found Desocad's Distillery.
   146 | D        | Found Ojipail's Food Boutique.
   146 | D        | Found Gikoast's Jewellery Shop.
   147 | D        | Found Duestaz's Jewellery Boutique.
   147 | D        | Found Amoefo Chae's Jewellery Shop.
   147 | D        | Found Klufed's Antique Armour Boutique.
   147 | D        | Found Dyilehor's Magic Scroll Shop.
   148 | D        | Found Stuom's Gadget Boutique.
   148 | D        | Found Neheuh's General Store.
   148 | D        | Found Shuxola's Distillery.
   149 | D        | Found Rouwin Rawah's Book Shop.
   149 | D        | Found Clou's Magical Wand Boutique.
   154 | D        | Killed a mermaid
   154 | D        | Reached skill level 17 in Stealth
   154 | D        | Reached XP level 6. HP: 28/28 MP: 16/16
   158 | D        | Learned a level 2 spell: Ensorcelled Hibernation
   168 | D        | Killed a hippogriff
   168 | D        | Reached skill level 5 in Hexes
   168 | D        | Reached XP level 7. HP: 32/32 MP: 16/21
   171 | D        | Killed a hippogriff
   171 | D        | Reached skill level 5 in Spellcasting
   199 | D        | Killed Menkaure
   243 | D        | Found Safat's Antique Armour Boutique.
   246 | D        | Found Yhoaczach's Food Shop.
   246 | D        | Noticed an oklob plant
   247 | D        | Found Aghiuxic's Book Shoppe.
   248 | D        | Found Pnuriz's Antique Weapon Boutique.
   251 | D        | Bought an uncursed ring of flight for 245 gold pieces
   255 | D        | Bought an uncursed ring of wizardry for 420 gold pieces
   264 | D        | Learned a level 6 spell: Invisibility
   291 | D        | Noticed a crocodile
   344 | D        | Found a shimmering altar of Xom.
   344 | D        | Found a corrupted altar of Lugonu.
   344 | D        | Found a basalt altar of Yredelemnul.
   344 | D        | Found a radiant altar of Vehumet.
   346 | D        | Found an iron altar of Okawaru.
   346 | D        | Found a snail-covered altar of Cheibriados.
   346 | D        | Found a burning altar of Makhleb.
   346 | D        | Found an ancient bone altar of Kikubaaqudgha.
   350 | D        | Noticed a grizzly bear
   351 | D        | Noticed a grizzly bear
   352 | D        | Killed a grizzly bear
   352 | D        | Reached XP level 8. HP: 36/36 MP: 17/25
   354 | D        | Killed a grizzly bear
   363 | D        | Found a bloodstained altar of Trog.
   363 | D        | Found a sparkling altar of Nemelex Xobeh.
   363 | D        | Found a viscous altar of Jiyva.
   363 | D        | Found a glowing golden altar of the Shining One.
   365 | D        | Found a roughly hewn altar of Beogh.
   365 | D        | Found a glowing silver altar of Zin.
   366 | D        | Found a deep blue altar of Sif Muna.
   366 | D        | Found a white marble altar of Elyvilon.
   366 | D        | Found a blossoming altar of Fedhas.
   370 | D        | Became a worshipper of Lugonu the Unformed
   370 | D        | Acquired Lugonu's first power
   383 | D        | Noticed a dragon
   523 | D        | Noticed a plague shambler
   526 | D        | Noticed a death drake
   527 | D        | Noticed a death drake
   527 | D        | Noticed a swamp drake
   527 | D        | Noticed a plague shambler
   528 | D        | Killed a plague shambler
   528 | D        | Reached skill level 18 in Stealth
   529 | D        | Killed a plague shambler
   529 | D        | Acquired Lugonu's second power
   529 | D        | Reached skill level 19 in Stealth
   529 | D        | Reached XP level 9. HP: 39/39 MP: 21/28
   535 | D        | Killed a swamp drake
   691 | D        | Noticed a deep elf master archer
   694 | D        | Noticed an unseen horror
   694 | D        | Noticed an unseen horror
   696 | D        | Killed an unseen horror
   696 | D        | Reached skill level 20 in Stealth
   698 | D        | Killed an unseen horror
   698 | D        | Reached skill level 15 in Short Blades
   713 | D        | Killed a death drake
   713 | D        | Reached XP level 10. HP: 43/43 MP: 26/29
   715 | D        | Killed a death drake
   715 | D        | Acquired Lugonu's third power
   715 | D        | Reached skill level 21 in Stealth
   727 | D        | Noticed a yaktaur
   727 | D        | Noticed a yellow wasp
   727 | D        | Noticed a polar bear
   728 | D        | Noticed a polar bear
   728 | D        | Noticed a polar bear
   729 | D        | Killed a polar bear
   730 | D        | Killed a polar bear
   732 | D        | Killed a polar bear
   733 | D        | Killed a yellow wasp
   733 | D        | Acquired Lugonu's fourth power
   735 | D        | Killed a yaktaur
   774 | D        | Bought a bread ration for 44 gold pieces
   774 | D        | Bought a bread ration for 44 gold pieces
   942 | D        | Noticed a big fish
   943 | D        | Noticed a big fish
   944 | D        | Noticed a kraken
   952 | D        | Killed a kraken
   952 | D        | Reached skill level 22 in Stealth
   954 | D        | Noticed a giant orange brain
   954 | D        | Noticed a hellephant
   955 | D        | Noticed Sonja
   955 | D        | Noticed a grey draconian shifter
   958 | D        | Killed a hellephant
   958 | D        | Reached skill level 23 in Stealth
   958 | D        | Reached XP level 11. HP: 46/46 MP: 25/30
   961 | D        | Killed a grey draconian shifter
   961 | D        | Acquired Lugonu's fifth power
   964 | D        | Killed Sonja
  1091 | D        | Noticed a harpy
  1096 | D        | Noticed a deep elf blademaster
  1097 | D        | Noticed an eye of devastation
  1099 | D        | Killed a deep elf blademaster
  1100 | D        | Killed a harpy
  1100 | D        | Reached skill level 1 in Fighting
  1103 | D        | Killed an eye of devastation
  1103 | D        | Reached skill level 24 in Stealth
  1118 | D        | Noticed a shining eye
  1118 | D        | Noticed a shining eye
  1118 | D        | Noticed a shining eye
  1118 | D        | Noticed a shining eye
  1118 | D        | Noticed a shining eye
  1118 | D        | Noticed a shining eye
  1118 | D        | Noticed a shining eye
  1118 | D        | Noticed a shining eye
  1118 | D        | Noticed a shining eye
  1118 | D        | Noticed a shining eye
  1118 | D        | Noticed a shining eye
  1118 | D        | Noticed a shining eye
  1121 | D        | Noticed a quicksilver dragon
  1121 | D        | Noticed a quicksilver dragon
  1121 | D        | Gained mutation: Armour fits poorly on your strangely shaped body. [a shining eye]
  1125 | D        | Noticed a lorocyproca
  1131 | D        | Noticed a lorocyproca
  1131 | D        | Noticed a quicksilver dragon
  1134 | D        | Mangled by a quicksilver dragon

Action                   |  1- 3 |  4- 6 |  7- 9 | 10-12 || total
-------------------------+-------+-------+-------+-------++-------
Melee: Dagger            |    31 |     2 |    13 |    47 ||    93
 Cast: Corona            |     2 |       |       |       ||     2
       Invisibility      |       |       |     3 |     2 ||     5
 Abil: Evoke Flight      |       |       |     2 |     2 ||     4
  Use: Potion            |     1 |       |     2 |     2 ||     5
       Scroll            |       |       |       |     1 ||     1
 Stab: Sleeping          |     3 |     2 |     8 |    13 ||    26
